cohdb
Replays
Latest Replays
All Replays
Popular Replays
Top Player Replays
Match Explorer
How It Works
Community
CoH3 Stats
Reddit
Sign in to upload your games and track your stats! →
Sign in with Steam
Match 47311445
Unlisted
Match 47311445
Overview
Messages
Build Orders
End
Construct Infanterie Kompanie
Selects Terror Battlegroup
Pioneer Squad
MG 42 Machine Gun Team
GrW 34 Mortar Team
Grenadier Squad
Infanterie Officer Quarters
Construct Panzergrenadier Kompanie
Selects Contempt for the Weak
Pak 40 Anti-tank Gun Team
Support Elements
Panzergrenadier Squad
Medical Station
Selects Heavy Gunnery
StuG III G Assault Gun
Nebelwerfer 42 Rocket Launcher Team
Selects Propaganda Leaflet Drop
StuG III G Assault Gun
Panzergrenadier Officer Quarters
Side Skirts
Panzergrenadier Squad
Propaganda Leaflet Drop
Selects Defend the Fatherland
Propaganda Leaflet Drop
BÖRK
Gear-IV-D
FartNoise
NanoLoki
旧时光
naru
0
0
Comments
sign in to comment!
No comments posted yet!